 Dungeon Crawl Stone Soup version 0.27.1 (webtiles) character file.

Game seed: 12664972356671174512

31 shadowrider38 the Magician (level 3, -6/26 HPs)
             Began as a Djinni Ice Elementalist on Aug 23, 2021.
             Mangled by a worm (7 damage)
             ... on level 2 of the Dungeon.
             The game lasted 00:07:55 (1763 turns).

shadowrider38 the Magician (DjIE)                   Turns: 1763, Time: 00:07:55

Health: -6/26      AC:  4    Str:  7    XL:     3   Next: 40%
Gold:   80         EV: 13    Int: 17    God:
                   SH:  0    Dex: 13

rFire    + + .     SeeInvis .   a - +0 whip
rCold    x . .     Faith    .   (no shield)
rNeg     . . .     Spirit   .   k - +0 robe
rPois    ∞         Reflect  .   (no helmet)
rElec    .         Harm     .   j - +0 cloak
rCorr    .         Rampage  .   d - +0 pair of gloves
Will     .....                  (boots unavailable)
Stlth    ++........             (no amulet)
HPRegen  0.08/turn              (no ring)
MPRegen  0.00/turn              (no ring)

@: flying
A: sickness immunity, fire resistance 2, cold vulnerability 1, float, innate
caster, hp casting, extra vitality 1
a: no special abilities


You were on level 2 of the Dungeon.
You visited 1 branch of the dungeon, and saw 2 of its levels.

You collected 80 gold pieces.

Inventory:

Hand Weapons
 a - a +0 whip (weapon)
Missiles
 l - 2 boomerangs
Armour
 d - a +0 pair of gloves (worn)
 j - a +0 cloak (worn)
 k - a +0 robe (worn)
Scrolls
 c - a scroll of acquirement {unknown}
 e - 3 scrolls of noise {unknown}
 f - a scroll of teleportation {unknown}
 h - 2 scrolls of amnesia {unknown}
 i - a scroll of identify {unknown}
Potions
 b - a potion of magic {unknown}
 g - a potion of berserk rage {unknown}


   Skills:
 + Level 0.7 Fighting
 + Level 3.2 Dodging
 - Level 1.5 Stealth
 - Level 3.5 Spellcasting


You couldn't memorise any spells.
You knew the following spells:

 Your Spells              Type           Power      Damage    Failure   Level
a - Freeze                Ice            60%        1d8       3%          1
b - Frozen Ramparts       Ice            30%        1d5       12%         3
c - Ozocubu's Armour      Ice            15%        N/A       12%         3
d - Hailstorm             Conj/Ice       15%        3d5       36%         4
e - Corona                Hex            16%        N/A       3%          1
Your spell library was empty.

Dungeon Overview and Level Annotations

Branches:
Dungeon (2/15)

Altars:


Innate Abilities, Weirdness & Mutations

You are immune to sickness and miasma.
You are immune to poison.
Your flesh is very heat resistant. (rF++)
You are vulnerable to cold. (rC-)
You float through the air rather than walking.
You learn spells naturally, not from books.
Your magical power is your life essence.
You have superior vitality. (+4 HP)


Message History

You throw a boomerang.
The boomerang hits the worm but does no damage.
The worm is moderately wounded.
Throw: 2 boomerangs
Press: ? - help, Shift-Dir - straight line, f/p - worm
Aim: a worm (moderately wounded, 76% to hit)
You throw a boomerang. The boomerang barely misses the worm.
Aiming: Freeze (safe; 3% risk of failure)
Press: ? - help, Q - select action, (/) - cycle Shift-Dir - straight line, f/p - worm
Aim: a worm (moderately wounded)
You freeze the worm.
The worm is heavily wounded.
The worm bites you!
* * * LOW HITPOINT WARNING * * *
Okay, then.
You don't have enough health to cast this spell.
Unknown command.
Okay, then.
Throw: 2 boomerangs
Press: ? - help, Shift-Dir - straight line, f/p - worm
Aim: a worm (moderately wounded, 76% to hit)
You throw a boomerang. The boomerang hits the worm.
The worm is heavily wounded.
Throw: 2 boomerangs
Press: ? - help, Shift-Dir - straight line, f/p - worm
Aim: a worm (heavily wounded, 76% to hit)
You throw a boomerang. The boomerang barely misses the worm.
Throw: 2 boomerangs
Press: ? - help, Shift-Dir - straight line, f/p - worm
Aim: a worm (moderately wounded, 76% to hit)
You throw a boomerang. The boomerang hits the worm.
The worm is heavily wounded.
Aiming: Freeze (safe; 3% risk of failure)
Press: ? - help, Q - select action, (/) - cycle Shift-Dir - straight line, f/p - worm
Aim: a worm (heavily wounded)
You freeze the worm!
The worm is almost dead.
* * * LOW HITPOINT WARNING * * *
The worm bites you!
You die...

........#...##
........#.#..######
........#.........#
..................#
........#......(.(#
........#.####..###
........#.# #...#
........#.# ##.w#
#########.# #.@#
#...# #### ##.#.#
#####..#.#
##.....##.#
...#####..# ####
..# ..# #..#


You could see a worm.

Vanquished Creatures
  A dart slug (D:2)
  5 endoplasms
  A giant cockroach (D:1)
  3 hobgoblins (D:1)
  3 jackals (D:1)
  A quokka (D:2)
  2 ball pythons (D:1)
  2 bats
  A frilled lizard (D:1)
  2 goblins (D:1)
  3 kobolds
  3 rats (D:1)
27 creatures vanquished.

Notes
Turn   | Place    | Note
-------+----------+-------------------------------------------
     0 | D:1      | shadowrider38 the Djinni Ice Elementalist began the quest
                  | for the Orb.
     0 | D:1      | Reached XP level 1. HP: 15/15 MP: 0/0
   125 | D:1      | Reached XP level 2. HP: 10/21 MP: 0/0
   919 | D:1      | Reached XP level 3. HP: 24/25 MP: 0/0
   919 | D:1      | Learned a level 1 spell: Corona
  1754 | D:2      | HP: 1/26 [worm (8)]
  1763 | D:2      | Mangled by a worm

Illustrated notes

Levels and vault maps discovered:
D:1:      dpeg_arrival_orchard, layout_basic, minmay_pentomino_o4
D:2:      layout_rooms, minmay_misc_feat_diagonals, minmay_misc_feat_square

Skill      XL: |  1  2 |
---------------+-------+-----
Dodging        | 3 |  3.2
Fighting       | |  0.7
Stealth        | |  1.5
Spellcasting   | |  3.5

Action                   || total
-------------------------++-------
Melee: Unarmed           ||     2
       Whip              ||     5
Throw: Boomerang         ||    18
 Cast: Freeze            ||    38
Armor: Robe              ||     3
Dodge: Dodged            ||    25
